 Dungeon Crawl Stone Soup version 0.29-a0-2-g12fcac58f8 (webtiles) character file.

Game seed: 16039400571416401181

80108 dolemite99 the Fencer (level 15, -3/139 HPs)
             Began as a Minotaur Monk on Jan 27, 2022.
             Was a High Priest of Jiyva.
             Slain by a two-headed ogre (6 damage)
             ... while paralysed by an ogre mage
             ... on level 2 of the Orcish Mines.
             The game lasted 00:36:16 (18807 turns).

dolemite99 the Fencer (Minotaur Monk)              Turns: 18807, Time: 00:36:17

Health: -3/139     AC: 17    Str: 22    XL:     15   Next: 22%
Magic:  0/20       EV:  2    Int:  9    God:    Jiyva [*****.]
Gold:   174        SH:  0    Dex: 26    Spells: 23/23 levels left

rFire   + . .      SeeInvis +   a - +11 long sword of Laepi {drain, Dex+2}
rCold   . . .      Faith    .   (no shield)
rNeg    . . .      Spirit   +   E - +0 plate armour
rPois   .          Reflect  .   (helmet unavailable)
rElec   .          Harm     .   g - scarf {shadows}
rCorr   +          Rampage  .   (no gloves)
Will    ++...                   (no boots)
Stlth   +.........              j - amulet of guardian spirit
HPRegen 1.77/turn               t - ring of protection from fire
MPRegen 0.62/turn               z - ring of see invisible

@: paralysed
A: horns 3, retaliatory headbutt, talons 2, large bone plates 1, thin skeletal
structure 3, agile 2, strong-willed 1, sense surroundings 1, strong 1, wild
magic 1, gelatinous body 1, jelly absorbing missiles
a: Renounce Religion, Oozemancy, Slimify


You were on level 2 of the Orcish Mines.
You worshipped Jiyva.
Jiyva was extremely pleased with you.
You visited 3 branches of the dungeon, and saw 19 of its levels.
You also visited: Sewer.

You collected 1251 gold pieces.
You spent 1077 gold pieces at shops.

Inventory:

Hand Weapons
 a - the +11 long sword of Laepi (weapon) {drain, Dex+2}
   (You found it on level 5 of the Dungeon)

   A truly terrible weapon, it drains the life of any living foe it strikes.
   Dex:       It affects your dexterity (+2).
 b - a +2 shortbow of flaming
 e - a +3 scimitar
 i - a +0 falchion of electrocution
 k - a +1 scimitar of flaming
 n - a +0 rapier
 v - a +3 scimitar of flaming
 w - a +1 hand crossbow of freezing
 A - a +0 shortbow
Missiles
 C - a throwing net
 J - 6 poisoned darts
Armour
 g - a scarf of shadows (worn)
 y - a +0 pair of boots
 E - a +0 plate armour (worn)
 F - the +3 hat of Pondering {ponderous, Will+ MP+10 Int+5}
   (You took it off Gastronok on level 1 of the Lair of Beasts)

   Int:       It affects your intelligence (+5).
   MP:        It affects your magic capacity (+10).
   Will:      It increases your willpower.
 K - a +2 hat
Jewellery
 j - an amulet of guardian spirit (around neck)
 r - a ring of wizardry
 t - a ring of protection from fire (left hand)
 z - a ring of see invisible (right hand)
Wands
 c - a wand of mindburst (1)
 I - a wand of digging (3)
Scrolls
 d - 3 scrolls of blinking
 m - 6 scrolls of teleportation
 H - a scroll of brand weapon
 L - a scroll of holy word
Potions
 f - a potion of mutation
 h - 2 potions of curing
 l - a potion of heal wounds
 p - 2 potions of lignification
 q - 2 potions of magic
 s - a potion of might
 u - a potion of flight
 x - a potion of attraction
 D - 3 potions of ambrosia
 G - 2 potions of resistance {unknown}


   Skills:
 + Level 14.6 Fighting
 - Level 15.0 Long Blades
 - Level 4.0 Bows
 + Level 15.0 Armour
 - Level 5.1 Dodging
 - Level 1.5 Stealth
 - Level 4.5 Spellcasting
 - Level 14.4 Evocations


You had 23 spell levels left.
You didn't know any spells.
Your spell library contained the following spells:

 Spells                   Type           Power      Damage    Failure   Level
 Corpse Rot               Necr/Air       4%         N/A       99%         2
 Poisonous Vapours        Pois/Air       4%         N/A       99%         2
 Stone Arrow              Conj/Erth      4%         3d7       100%        3
 Animate Armour           Summ/Erth      4%         N/A       100%        4
 Blade Hands              Tmut           1%         N/A       100%        5
 Irradiate                Conj/Tmut      1%         3d14      100%        5
 Iron Shot                Conj/Erth      1%         9d1       100%        6
 Dragon Form              Tmut           1%         N/A       100%        7
 Lehudib's Crystal Spear  Conj/Erth      1%         10d2      100%        8


Dungeon Overview and Level Annotations

Branches:
Dungeon (11/15)            Temple (0/1) D:7            Lair (6/6) D:11
 Shoals (0/4) Lair:2       Spider (0/4) Lair:4        Slime (0/5) Lair:5
    Orc (2/2) D:10            Elf (0/3) Orc:2         Sewer (visited)

Altars:
Fedhas
Okawaru
Vehumet
Xom
Jiyva

Shops:
D:2 =?[:[   D:10 [   D:11 =   Orc:1 :*!!


Innate Abilities, Weirdness & Mutations

You have a pair of large horns on your head.
You reflexively headbutt those who attack you in melee.
You have razor-sharp toenails.
You are partially covered in large bone plates. (SH +4)
You have an unnaturally thin skeletal structure. (Dex +6, Stealth+++)
You are very agile. (Dex +4)
You are strong-willed. (Will+)
You passively map a small area around you.
Your muscles are strong. (Str +2)
Your spells are a little harder to cast, but a little more powerful.
Your rubbery body absorbs attacks. (AC +1, EV +1)
You have a small jelly attached to you that may absorb projectiles.


Message History

An ogre comes into view. It is wielding a +0 giant club.
An ogre comes into view. It is wielding a +0 giant spiked club.
An ogre comes into view. It is wielding a +0 giant club.
The wall burns the two-headed ogre!
The walls burn the ogre mage!
You hear a shout!
You feel much better.
The ogre shouts!
The walls burn the ogre!
You kill the ogre!
A two-headed ogre comes into view. It is wielding two +0 giant clubs.
An ogre comes into view. It is wielding a +0 giant club.
Your Armour skill increases to level 15!
Okay, then.
Okay, then.
The walls burn the ogre mage!
The ogre mage gestures at you while chanting.
The bolt of magma hits you! You partially resist.
The walls burn the two-headed ogre!
The two-headed ogre misses you. The two-headed ogre closely misses you.
The walls burn the ogre mage!
The ogre mage gestures at you while chanting.
You suddenly lose the ability to move!
The two-headed ogre hits you with a +0 giant spiked club!
* * * LOW HITPOINT WARNING * * *
The two-headed ogre hits you with a +0 giant spiked club!
* * * LOW HITPOINT WARNING * * *
The walls burn the ogre mage!
The walls burn the two-headed ogre!
The two-headed ogre barely misses you.
The two-headed ogre hits you with a +0 giant spiked club!
* * * LOW HITPOINT WARNING * * *
The wall burns the two-headed ogre!
The walls burn the ogre mage!
You stop calling forth ooze.
The two-headed ogre hits you with a +0 giant club!
* * * LOW HITPOINT WARNING * * *
The two-headed ogre hits you with a +0 giant spiked club!
* * * LOW HITPOINT WARNING * * *
The two-headed ogre hits you with a +0 giant spiked club!!
* * * LOW HITPOINT WARNING * * *
The two-headed ogre hits you with a +0 giant spiked club!
You die...

.....## ###.....### , ,
..OO.## ##.........#
**#.).# #..........# ,
#))# ####.........# , , ,,
#O)# #......#...... *,, ,
#))## ##....###.#... * ,
#)..#######.....####... ,
, #...O#.#........####...
,, #..OOO@..........#.....
, ,#...OO......#....#.....
, ,
#..OOO..#..##.......##.
..O..OO#.....####......##
...O....##......#......##
,
OO.O#.....##.#...J#).....#
O...#.....######..#......#
.O..#..#.## ###.........#
*, ##............


You could see 5 two-headed ogres, an ogre mage and 8 ogres.

Vanquished Creatures
  Gastronok (Lair:1)
  A fire dragon (Lair:6)
  2 boulder beetles
  Erica (D:9)
  3 ogre magi
  7 hydras
  14 two-headed ogres
  25 death yaks
  A swamp dragon (Lair:6)
  A lindwurm (Lair:5)
  2 orc knights
  A cyclops (D:11)
  A wolf spider (Lair:6)
  2 oklob plants (Lair:4)
  6 black mambas
  A guardian serpent (Lair:6)
  9 elephants
  2 gargoyles (D:10)
  3 rime drakes
  16 cane toads
  An efreet (D:10)
  10 komodo dragons
  A demonic crawler (Lair:4)
  6 trolls
  2 polar bears
  4 hornets
  7 blink frogs
  11 dream sheep
  A shadow (D:11)
  A vampire (D:10)
  5 basilisks
  58 yaks
  Eustachio (D:5)
  15 wyverns
  2 steam dragons
  4 vampire mosquitoes (D:11)
  A redback (Lair:6)
  A warg (Orc:1)
  3 acid dragons (Lair:6)
  24 water moccasins
  A swamp drake (Lair:6)
  15 orc warriors
  6 black bears
  18 ogres
  An ice beast (D:7)
  A necrophage (D:4)
  19 wolves
  5 centaurs
  A kobold brigand (D:11)
  13 bullfrogs
  6 scorpions
  Blork the orc (D:4)
  10 killer bees
  3 wights (D:8)
  A howler monkey (D:8)
  2 centaur zombies
  2 lava snakes (D:11)
  4 bullfrog skeletons
  11 orc priests
  4 hounds
  6 iguanas
  13 orc wizards
  4 hell rats (Lair:6)
  2 hound skeletons (D:4)
  A howler monkey zombie (D:5)
  4 gnolls (D:5)
  6 adders
  5 river rats
  A shadow imp (D:5)
  A white imp (D:5)
  An ufetubus (D:5)
  An adder skeleton (D:5)
  A worm (D:3)
  3 dart slugs
  37 orcs
  A bat (D:1)
  4 endoplasms (D:1)
  8 giant cockroaches
  12 hobgoblins
  2 jackals (D:1)
  5 quokkas
  4 ball pythons
  A frilled lizard (D:2)
  6 goblins
  17 kobolds
  16 rats
543 creatures vanquished.

Vanquished Creatures (collateral kills)
  A merfolk siren (Lair:2)
  3 merfolk (Lair:2)
  A kobold brigand (Sewer)
  2 orcs (D:3)
  4 kobolds (Sewer)
11 creatures vanquished.

Vanquished Creatures (others)
  Maurice (D:10)
  A cane toad (Lair:3)
  A yak (D:11)
  A steam dragon (Lair:6)
  4 water moccasins
  A swamp drake (Lair:6)
  A black bear (D:6)
  A sky beast (D:6)
  A necrophage (D:6)
  2 centaurs
  3 bullfrogs
  A scorpion (Lair:4)
  3 killer bees (D:10)
  61 jellies
  3 orc wizards
  3 adders
  12 orcs
  2 endoplasms
  2 giant cockroaches
  2 goblins
  2 hobgoblins (D:2)
  2 quokkas
  2 ball pythons
  4 kobolds
  3 rats (Sewer)
  A bush (Lair:6)
  115 fungi
  172 plants
407 creatures vanquished.

Grand Total: 961 creatures vanquished

Notes
Turn   | Place    | Note
-------+----------+-------------------------------------------
     0 | D:1      | dolemite99 the Minotaur Monk began the quest for the Orb.
     0 | D:1      | Reached XP level 1. HP: 19/19 MP: 0/0
    68 | D:1      | Reached XP level 2. HP: 22/26 MP: 1/1
   302 | D:1      | Found a faded altar of an unknown god.
   314 | D:1      | Prayed at the altar of an unknown god.
   314 | D:1      | Became a worshipper of Jiyva Jyplyhuj the Shapeless
   314 | D:1      | Reached * piety under Jiyva
   314 | D:1      | Reached ** piety under Jiyva
   333 | D:1      | Reached skill level 5 in Long Blades
   351 | D:1      | Reached *** piety under Jiyva
   353 | D:1      | Gained mutation: You are strong-willed. (Will+) [Jiyva's
                  | grace]
   353 | D:1      | Gained mutation: You are highly strong-willed. (Will++)
                  | [Jiyva's grace]
   353 | D:1      | Gained mutation: You are extremely strong-willed. (Will+++)
                  | [Jiyva's grace]
   353 | D:1      | Gained mutation: You are agile. (Dex +2) [Jiyva's grace]
   659 | D:1      | Reached XP level 3. HP: 31/31 MP: 2/2
   928 | D:2      | Found Zeewk's Magic Scroll Emporium.
   932 | D:2      | Reached **** piety under Jiyva
   935 | D:2      | Bought a scroll of identify for 22 gold pieces
   951 | D:2      | Found Epnis's Book Shoppe.
  1130 | D:2      | Found Qaaroriofy's Antique Armour Emporium.
  1174 | D:2      | Found Agynulik's Antique Armour Emporium.
  1451 | D:2      | Found Riokh's Jewellery Emporium.
  1679 | D:3      | Reached XP level 4. HP: 39/39 MP: 3/3
  1679 | D:3      | Reached ***** piety under Jiyva
  1679 | D:3      | Lost mutation: You are agile. (Dex +2) [Jiyva's grace]
  1679 | D:3      | Lost mutation: You are extremely strong-willed. (Will+++)
                  | [Jiyva's grace]
  1679 | D:3      | Lost mutation: You are highly strong-willed. (Will++)
                  | [Jiyva's grace]
  1679 | D:3      | Gained mutation: Your spells are a little harder to cast,
                  | but a little more powerful. [Jiyva's grace]
  1679 | D:3      | Gained mutation: Your spells are harder to cast, but more
                  | powerful. [Jiyva's grace]
  1679 | D:3      | Gained mutation: Your spells are much harder to cast, but
                  | much more powerful. [Jiyva's grace]
  1679 | D:3      | Gained mutation: Your translucent skin slightly reduces
                  | your foes' accuracy. (Stealth+) [Jiyva's grace]
  2118 | D:3      | Found a glowing drain.
  2137 | Sewer    | Entered a sewer
  2168 | Sewer    | Reached XP level 5. HP: 45/45 MP: 4/4
  2467 | Sewer    | Reached XP level 6. HP: 36/51 MP: 5/5
  2713 | D:4      | Noticed Blork the orc
  2721 | D:4      | Killed Blork the orc
  2971 | D:4      | Reached skill level 10 in Long Blades
  2971 | D:4      | Reached XP level 7. HP: 40/57 MP: 3/6
  3105 | D:4      | Gained mutation: You have sharp toenails. [Jiyva's grace]
  3105 | D:4      | Gained mutation: You have razor-sharp toenails. [Jiyva's
                  | grace]
  3105 | D:4      | Gained mutation: You have claws for feet. [Jiyva's grace]
  3105 | D:4      | Gained mutation: You have hidden genetic potential.
                  | [Jiyva's grace]
  3257 | D:5      | Entered Level 5 of the Dungeon
  3360 | D:5      | Noticed Eustachio
  3387 | D:5      | Killed Eustachio
  3598 | D:2      | Bought a chain mail for 85 gold pieces
  4160 | D:2      | Bought a scroll of identify for 22 gold pieces
  4245 | D:6      | Reached skill level 1 in Armour
  4267 | D:6      | Noticed a two-headed ogre
  4278 | D:6      | Killed a two-headed ogre
  4279 | D:6      | Reached XP level 8. HP: 45/64 MP: 5/7
  4282 | D:6      | Gained mutation: You possess an exceptional clarity of
                  | mind. [hidden potential]
  4550 | D:2      | Bought a scroll of teleportation for 33 gold pieces
  4941 | D:6      | Lost mutation: You have claws for feet. [Jiyva's grace]
  4941 | D:6      | Lost mutation: You have razor-sharp toenails. [Jiyva's
                  | grace]
  4941 | D:6      | Lost mutation: You have sharp toenails. [Jiyva's grace]
  4941 | D:6      | Gained mutation: You are highly strong-willed. (Will++)
                  | [Jiyva's grace]
  4941 | D:6      | Gained mutation: You are extremely strong-willed. (Will+++)
                  | [Jiyva's grace]
  4941 | D:6      | Gained mutation: You passively map a small area around you.
                  | [Jiyva's grace]
  4941 | D:6      | Gained mutation: You passively map the area around you.
                  | [Jiyva's grace]
  5496 | D:7      | Noticed a troll
  5511 | D:7      | Killed a troll
  5512 | D:7      | Reached XP level 9. HP: 64/70 MP: 8/8
  5732 | D:7      | Noticed a troll
  5738 | D:7      | Killed a troll
  5739 | D:7      | Reached skill level 5 in Dodging
  5775 | D:7      | Found a staircase to the Ecumenical Temple.
  6101 | D:8      | Reached skill level 1 in Bows
  6108 | D:8      | Gained mutation: You are agile. (Dex +2) [hidden potential]
  6108 | D:8      | Lost mutation: You have hidden genetic potential. [hidden
                  | potential expressed]
  6189 | D:5      | Identified the +11 long sword of Laepi {drain, Dex+2}
  6363 | D:9      | Noticed a troll
  6379 | D:9      | Reached skill level 5 in Fighting
  6379 | D:9      | Killed a troll
  6401 | D:9      | Noticed Erica
  6411 | D:9      | Killed Erica
  6504 | D:8      | Noticed a two-headed ogre
  6519 | D:8      | Killed a two-headed ogre
  6520 | D:8      | Reached XP level 10. HP: 77/88 MP: 5/9
  6633 | D:8      | Found a shimmering altar of Xom.
  7111 | D:9      | Lost mutation: You are agile. (Dex +2) [Jiyva's grace]
  7111 | D:9      | Lost mutation: Your spells are much harder to cast, but
                  | much more powerful. [Jiyva's grace]
  7111 | D:9      | Lost mutation: Your spells are harder to cast, but more
                  | powerful. [Jiyva's grace]
  7111 | D:9      | Lost mutation: Your spells are a little harder to cast, but
                  | a little more powerful. [Jiyva's grace]
  7111 | D:9      | Gained mutation: You are partially covered in large bone
                  | plates. (SH +4) [Jiyva's grace]
  7111 | D:9      | Gained mutation: You are mostly covered in large bone
                  | plates. (SH +6) [Jiyva's grace]
  7111 | D:9      | Gained mutation: You are completely covered in large bone
                  | plates. (SH +8) [Jiyva's grace]
  7111 | D:9      | Gained mutation: Armour fits poorly on your pseudopods.
                  | [Jiyva's grace]
  7383 | D:10     | Entered Level 10 of the Dungeon
  7463 | D:10     | Reached skill level 10 in Fighting
  7507 | D:10     | Noticed a gargoyle
  7520 | D:10     | Killed a gargoyle
  7625 | D:10     | Killed Maurice
  7626 | D:10     | Noticed a gargoyle
  7633 | D:10     | Killed a gargoyle
  7732 | D:10     | Reached XP level 11. HP: 70/101 MP: 8/10
  7862 | D:10     | Found Rafan's Armour Boutique.
  7863 | D:10     | Found a staircase to the Orcish Mines.
  8469 | D:2      | Bought a scroll of summoning for 104 gold pieces
  8899 | D:11     | Noticed a boulder beetle
  8909 | D:11     | Killed a boulder beetle
  8910 | D:11     | Reached skill level 15 in Long Blades
  8941 | D:11     | Reached skill level 10 in Armour
  8948 | D:11     | Noticed a two-headed ogre
  8953 | D:11     | Killed a two-headed ogre
  9014 | D:11     | Found Heskikk's Jewellery Shop.
  9063 | D:11     | Lost mutation: You are completely covered in large bone
                  | plates. (SH +8) [Jiyva's grace]
  9063 | D:11     | Lost mutation: You possess an exceptional clarity of mind.
                  | [Jiyva's grace]
  9063 | D:11     | Lost mutation: You are extremely strong-willed. (Will+++)
                  | [Jiyva's grace]
  9063 | D:11     | Lost mutation: Your translucent skin slightly reduces your
                  | foes' accuracy. (Stealth+) [Jiyva's grace]
  9063 | D:11     | Gained mutation: You are extremely strong-willed. (Will+++)
                  | [Jiyva's grace]
  9063 | D:11     | Gained mutation: Your body has grown eyes which may confuse
                  | attackers. (Acc +3) [Jiyva's grace]
  9063 | D:11     | Gained mutation: Your body has grown many eyes which may
                  | confuse attackers. (Acc +5) [Jiyva's grace]
  9063 | D:11     | Gained mutation: Your body is covered in eyes which may
                  | confuse attackers. (Acc +7, SInv) [Jiyva's grace]
  9084 | D:11     | Found a staircase to the Lair.
  9462 | D:11     | Found an iron altar of Okawaru.
  9506 | D:11     | Reached skill level 1 in Evocations
  9595 | Lair:1   | Entered Level 1 of the Lair of Beasts
  9905 | Lair:1   | Noticed Gastronok
  9926 | Lair:1   | Killed Gastronok
 10167 | Lair:1   | Reached skill level 5 in Evocations
 10276 | Lair:1   | Reached XP level 12. HP: 110/110 MP: 11/11
 10852 | Lair:2   | Lost mutation: You are extremely strong-willed. (Will+++)
                  | [Jiyva's grace]
 10852 | Lair:2   | Lost mutation: You are highly strong-willed. (Will++)
                  | [Jiyva's grace]
 10852 | Lair:2   | Lost mutation: You passively map the area around you.
                  | [Jiyva's grace]
 10852 | Lair:2   | Lost mutation: Your body is covered in eyes which may
                  | confuse attackers. (Acc +7, SInv) [Jiyva's grace]
 10852 | Lair:2   | Lost mutation: Your body has grown many eyes which may
                  | confuse attackers. (Acc +5) [Jiyva's grace]
 10852 | Lair:2   | Gained mutation: Your melee attacks may engulf your foes in
                  | ooze. [Jiyva's grace]
 10852 | Lair:2   | Gained mutation: You expend magic power (3 MP) to
                  | strengthen your wands. [Jiyva's grace]
 10852 | Lair:2   | Gained mutation: You have a small jelly attached to you
                  | that may absorb projectiles. [Jiyva's grace]
 10852 | Lair:2   | Gained mutation: Your rubbery body absorbs attacks. (AC +1,
                  | EV +1) [Jiyva's grace]
 11677 | D:2      | Bought a ring of see invisible for 165 gold pieces
 12082 | Lair:2   | Found a staircase to the Shoals.
 12180 | Lair:3   | Noticed a death yak
 12181 | Lair:3   | Noticed a death yak
 12194 | Lair:3   | Noticed a death yak
 12204 | Lair:3   | Killed a death yak
 12210 | Lair:3   | Noticed a death yak
 12224 | Lair:3   | Killed a death yak
 12236 | Lair:3   | Killed a death yak
 12237 | Lair:3   | Reached skill level 10 in Evocations
 12238 | Lair:3   | Killed a death yak
 12272 | Lair:3   | Reached ****** piety under Jiyva
 12423 | Lair:3   | Found a shimmering altar of Xom.
 12823 | Lair:3   | Lost mutation: You are mostly covered in large bone plates.
                  | (SH +6) [Jiyva's grace]
 12823 | Lair:3   | Lost mutation: Armour fits poorly on your pseudopods.
                  | [Jiyva's grace]
 12823 | Lair:3   | Lost mutation: Your melee attacks may engulf your foes in
                  | ooze. [Jiyva's grace]
 12823 | Lair:3   | Gained mutation: You have a somewhat thin skeletal
                  | structure. (Dex +2, Stealth+) [Jiyva's grace]
 12823 | Lair:3   | Gained mutation: You have a moderately thin skeletal
                  | structure. (Dex +4, Stealth++) [Jiyva's grace]
 12823 | Lair:3   | Gained mutation: You have an unnaturally thin skeletal
                  | structure. (Dex +6, Stealth+++) [Jiyva's grace]
 12823 | Lair:3   | Gained mutation: You have a pair of large horns on your
                  | head. [Jiyva's grace]
 12916 | Lair:4   | Noticed an eight-headed hydra
 12928 | Lair:4   | Killed a five-headed hydra
 12979 | Lair:4   | Noticed a death yak
 12985 | Lair:4   | Noticed a death yak
 12987 | Lair:4   | Noticed a death yak
 12992 | Lair:4   | Killed a death yak
 12993 | Lair:4   | Reached XP level 13. HP: 111/116 MP: 12/12
 13189 | Lair:4   | Found a blossoming altar of Fedhas.
 13510 | D:2      | Bought a scroll of blinking for 82 gold pieces
 13510 | D:2      | Bought a scroll of holy word for 82 gold pieces
 13826 | Lair:4   | Found a hole to the Spider Nest.
 14554 | Lair:5   | You fall into a shaft and drop 1 floor!
 14554 | Lair:6   | Entered Level 6 of the Lair of Beasts
 14859 | Lair:5   | Reached skill level 1 in Spellcasting
 15291 | Lair:5   | Reached XP level 14. HP: 122/124 MP: 14/16
 15315 | Lair:5   | Lost mutation: Your body has grown eyes which may confuse
                  | attackers. (Acc +3) [Jiyva's grace]
 15315 | Lair:5   | Gained mutation: You have sharp toenails. [Jiyva's grace]
 15315 | Lair:5   | Gained mutation: You have razor-sharp toenails. [Jiyva's
                  | grace]
 15315 | Lair:5   | Gained mutation: You have claws for feet. [Jiyva's grace]
 15315 | Lair:5   | Gained mutation: Your muscles are strong. (Str +2) [Jiyva's
                  | grace]
 15463 | Lair:5   | Found a viscous altar of Jiyva.
 15464 | Lair:5   | Found a staircase to the Slime Pits.
 15880 | Lair:6   | Paralysed by a hornet for 3 turns
 17806 | Orc:1    | Entered Level 1 of the Orcish Mines
 17806 | Orc:1    | Found Lyecwi's Assorted Antiques.
 17868 | Orc:1    | Found Jaos's Distillery.
 17919 | Orc:1    | Bought a scroll of blinking for 217 gold pieces
 17919 | Orc:1    | Bought a glowing bone ring for 145 gold pieces
 17922 | Orc:1    | Bought a wand of flame (3) for 29 gold pieces
 17984 | Orc:1    | Found Reafafi's Book Shoppe.
 18075 | Orc:1    | Found Vutuse's Distillery.
 18114 | Orc:1    | Lost mutation: You have claws for feet. [Jiyva's grace]
 18114 | Orc:1    | Lost mutation: You have an unnaturally thin skeletal
                  | structure. (Dex +6, Stealth+++) [Jiyva's grace]
 18114 | Orc:1    | Lost mutation: You expend magic power (3 MP) to strengthen
                  | your wands. [Jiyva's grace]
 18114 | Orc:1    | Gained mutation: You have an unnaturally thin skeletal
                  | structure. (Dex +6, Stealth+++) [Jiyva's grace]
 18114 | Orc:1    | Gained mutation: You are agile. (Dex +2) [Jiyva's grace]
 18114 | Orc:1    | Gained mutation: You are very agile. (Dex +4) [Jiyva's
                  | grace]
 18114 | Orc:1    | Gained mutation: Your spells are a little harder to cast,
                  | but a little more powerful. [Jiyva's grace]
 18246 | Orc:1    | Reached XP level 15. HP: 126/137 MP: 18/20
 18265 | Orc:1    | Found Kafrol's Distillery.
 18272 | Orc:1    | Bought a potion of curing for 39 gold pieces
 18272 | Orc:1    | Bought a potion of might for 52 gold pieces
 18314 | Orc:2    | Entered Level 2 of the Orcish Mines
 18314 | Orc:2    | Found a staircase to the Elven Halls.
 18373 | Orc:2    | Found a radiant altar of Vehumet.
 18787 | Orc:2    | Paralysed by an ogre mage for 3 turns
 18803 | Orc:2    | Reached skill level 15 in Armour
 18804 | Orc:2    | Paralysed by an ogre mage for 6 turns
 18807 | Orc:2    | HP: 3/139 [two-headed ogre (17)]
 18807 | Orc:2    | Slain by a two-headed ogre

Illustrated notes

Levels and vault maps discovered:
D:1:      dpeg_arrival_arbitrary_a, layout_basic, basic_ecumenical_altar
D:2:      layout_loops_corners, serial_shops, nicolae_shop_statue_plus, shop,
          nicolae_shop_overgrown_old_shop, shop_fountains, shop
D:3:      layout_loops_ring, gup_sewer_entry_pipe, minmay_misc_feat_roman
D:4:      layout_loops_cross, uniq_blork_the_orc
D:5:      layout_cave_pools, nrook_mini_vaults, uniq_eustachio
D:6:      layout_basic, kennysheep_generic_room_15
D:7:      layout_cave_pools, minmay_temple_entry_antechambers,
          minmay_crystal_room, minmay_microvault
D:8:      layout_gridville, mainiacjoe_overflow_alcove_1,
          chequers_serial_rivers_room_a
D:9:      layout_rooms, uniq_erica
D:10:     layout_stronghold, orc_david_3, uniq_maurice
D:11:     layout_roguey, minmay_lair_entry_grove, serial_shops,
          nicolae_shop_advertising_works [nicolae_subvault_shop_adworks],
          kennysheep_path_1, kennysheep_okawaru_gauntlet
Lair:1:   layout_long_grid, beast_lair_carwin_7, uniq_gastronok
Lair:2:   layout_hall_layers, elwin_shoals_entry_stream, pond
Lair:3:   layout_roguey, lemuel_centaur_altar
Lair:4:   layout_hall_layers, nicolae_spider_entry_non_spiders,
          hangedman_tree_tricks
Lair:5:   layout_cave_pods, dpeg_slime_entry_enclosed_altar
Lair:6:   guppyfry_lair_end_dragon, layout_long_grid,
          hangedman_lair_tendril_chambers
Orc:1:    layout_caves, serial_shops, shop, shop_fountains,
          nicolae_shop_statue_plus, nicolae_shop_competitors_out_of_business,
          shop
Orc:2:    st_orc_ogre_mass, layout_diamond_mine, basic_altar

Skill      XL: |  1  2  3  4  5  6  7  8  9 10 11 12 13 14 15 |
---------------+----------------------------------------------+-----
Long Blades    | 4 5 7 8 10 11 12 14 15 | 15.0
Armour         | 6 9 11 14 15 | 15.0
Dodging        | 5 |  5.1
Bows           | 1 4 |  4.0
Fighting       | 7 10 11 13 14 | 14.6
Evocations     | 5 11 14 | 14.4
Spellcasting   | 2 4 |  4.5
Stealth        | |  1.5

Action                   |  1- 3 |  4- 6 |  7- 9 | 10-12 | 13-15 || total
-------------------------+-------+-------+-------+-------+-------++-------
Melee: Falchion          |    79 |   150 |    63 |       |       ||   292
       Headbutt          |    11 |    26 |    17 |    80 |   137 ||   271
       Punch             |     1 |     1 |     2 |     7 |    16 ||    27
       Kick              |       |       |    18 |       |   137 ||   155
       Long sword        |       |       |    33 |   358 |   518 ||   909
       Pseudopods        |       |       |       |    65 |       ||    65
       Scimitar          |       |       |       |     4 |    15 ||    19
 Fire: Shortbow          |       |       |    52 |   233 |   265 ||   550
Invok: Oozemancy         |       |     2 |     7 |     6 |     6 ||    21
Evoke: Wand              |       |       |       |     6 |    57 ||    63
  Use: Potion            |       |     3 |     2 |     1 |     5 ||    11
       Scroll            |       |       |    10 |     7 |     5 ||    22
 Stab: Sleeping          |     3 |    11 |     1 |       |       ||    15
       Distracted        |       |     2 |       |       |     1 ||     3
       Invisible         |       |       |     3 |       |       ||     3
       Confused          |       |       |       |     6 |     3 ||     9
Armor: Robe              |     5 |    26 |     5 |       |       ||    36
       Chain mail        |       |       |    40 |       |       ||    40
       Plate armour      |       |       |    22 |   207 |   237 ||   466
Dodge: Dodged            |    56 |    98 |    89 |   179 |   269 ||   691
Block: Other             |       |       |       |   118 |    88 ||   206

Table legend: (Time is in decaauts)
 A = Elapsed time spent in this place.
 B = Non-inter-level travel time spent in this place.
 C = Inter-level travel time spent in this place.
 D = Time resting spent in this place.
 E = Time spent auto-exploring this place.
 F = Levels seen in this place.
 G = Mean time per level.
                   A        B        C        D        E       F      G
               +--------+--------+--------+--------+--------+-----+--------+
         Total |  18826 |  16388 |   2438 |   1340 |  10906 |  20 |  941.3 |
       Dungeon |   9902 |   7955 |   1947 |    495 |   5841 |  11 |  900.2 |
          Lair |   7533 |   7076 |    457 |    737 |   4390 |   6 | 1255.5 |
  Orcish Mines |    968 |    936 |     32 |    108 |    498 |   2 |  484.0 |
         Sewer |    422 |    422 |      0 |      0 |    176 |   1 |  422.0 |
               +--------+--------+--------+--------+--------+-----+--------+

Top non-repeatable levels by time:
  Lair:6: 2159 daAuts
  Lair:2: 1389 daAuts
     D:6: 1302 daAuts
    D:10: 1215 daAuts
     D:2: 1199 daAuts
  Lair:5: 1131 daAuts
     D:3: 1049 daAuts
  Lair:1: 1030 daAuts
     D:4: 959 daAuts
  Lair:4: 958 daAuts
  Lair:3: 864 daAuts
    D:11: 816 daAuts
     D:8: 778 daAuts
     D:1: 728 daAuts
     D:7: 639 daAuts
